 Dungeon Crawl Stone Soup version 0.21-a0-460-g737a915 (webtiles) character file.

1092 Fester123 the Ruffian (level 8, 0/78 HPs)
             Began as a Troll Monk on Nov 20, 2017.
             Slain by a hippogriff (6 damage)
             ... on level 8 of the Dungeon.
             The game lasted 00:13:01 (1841 turns).

Fester123 the Ruffian (Troll Monk)                  Turns: 1841, Time: 00:13:02

Health: 0/78       AC:  5    Str: 22    XL:     8   Next: 9%
Magic:  7/7        EV: 11    Int:  6    God:
Gold:   216        SH:  3    Dex: 12    Spells: 7/7 levels left

rFire    . . .     SeeInvis .   C - +2 flail (holy)
rCold    . . .     Gourm    +   (no shield)
rNeg     . . .     Faith    .   a - +0 robe
rPois    .         Spirit   .   (helmet restricted)
rElec    .         Reflect  +   (no cloak)
rCorr    .         Harm     .   (gloves unavailable)
MR       .....                  (boots unavailable)
Stlth    ++........             E - +3 amulet of reflection
HPRegen  0.63/turn              (no ring)
MPRegen  0.10/turn              (no ring)

@: hasted, very quick
A: unfitting armour, claws 3, fast metabolism 3, gourmand, regeneration 1,
shaggy fur 1, tough skin 2
a: no special abilities


You were on level 8 of the Dungeon.
You were hungry.

You visited 1 branch of the dungeon, and saw 8 of its levels.

You collected 216 gold pieces.

Inventory:

Hand Weapons
 d - a +0 short sword
 p - a +0 short sword
 q - a +0 hand axe
 v - a +0 spear of venom
 A - a +0 halberd
 C - a +2 flail of holy wrath (weapon)
Missiles
 e - 7 tomahawks (quivered)
 l - 4 stones
Armour
 a - a +0 robe (worn)
 g - a +0 leather armour
 j - a +0 leather armour
 k - a +0 ring mail
 s - a +0 ring mail
 t - a +0 scale mail
 w - a +1 pair of boots
 y - a cursed +0 chain mail
Jewellery
 E - a +3 amulet of reflection (around neck)
Wands
 r - a wand of polymorph (14)
Scrolls
 c - 5 scrolls of teleportation
 f - 2 scrolls of immolation
 i - a scroll of enchant weapon {unknown}
 m - a scroll of fear
 n - 2 scrolls of identify
 B - a scroll of magic mapping {unknown}
 F - a scroll of enchant armour
Potions
 o - a potion of curing {unknown}
 u - a potion of lignification {unknown}
 x - 2 potions of degeneration {unknown}
Comestibles
 b - 3 bread rations
 z - 2 meat rations
 D - 2 fruits


   Skills:
 + Level 3.8 Fighting
 + Level 1.4 Maces & Flails
 + Level 4.5 Dodging
 + Level 1.4 Stealth
 + Level 7.6 Unarmed Combat


You had 7 spell levels left.
You didn't know any spells.

Dungeon Overview and Level Annotations

Branches:
Dungeon (8/15)             Temple (0/1) D:7
   Lair: D:8-11

Altars:
Zin

Shops:
D:4 }

Annotations:
D:3 Fester123's ghost, amateur TrBe


Innate Abilities, Weirdness & Mutations

You are too large for most types of armour.
You have claws for hands.
Your metabolism is lightning-fast.
You like to eat raw meat.
Your natural rate of healing is unusually fast.
You are covered in fur. (AC +1)
You have very tough skin. (AC +2)


Message History

The hippogriff claws you.
* * * LOW HITPOINT WARNING * * *
You block the sky beast's attack.
You feel yourself speed up. The hippogriff bites you.
* * * LOW HITPOINT WARNING * * *
The hippogriff pecks you.
* * * LOW HITPOINT WARNING * * *
The hippogriff claws you.
* * * LOW HITPOINT WARNING * * *
The sky beast hits you but does no damage.
You hit the hippogriff but do no damage.
The hippogriff is severely wounded.
The hippogriff bites you but does no damage.
The hippogriff barely misses you. The hippogriff claws you.
* * * LOW HITPOINT WARNING * * *
The sky beast misses you.
You hit the hippogriff.
The hippogriff is severely wounded.
The hippogriff bites you.
You die...

#. #. #.##### ##
#...<. ..
#..#.##$#
######..#....###
........Y.......
#.@<.......
#.H######## #...
#...# #...#
...=. ######


You could see a hippogriff and a sky beast.

Vanquished Creatures
  A hippogriff (D:5)
  An ogre (D:5)
  A centaur (D:6)
  2 crimson imps
  A hound (D:5)
  A centaur zombie (D:5)
  4 orc priests
  A jelly (D:7)
  A bullfrog skeleton (D:5)
  4 orc wizards
  3 worker ants
  A howler monkey zombie (D:5)
  A worker ant zombie (D:5)
  7 gnolls
  8 adders
  2 oozes
  An adder skeleton (D:5)
  A worm (D:3)
  A dart slug (D:2)
  5 leopard geckos
  18 orcs
  2 giant cockroaches
  4 goblins
  3 hobgoblins
  8 jackals
  2 ball pythons (D:3)
  5 bats
  A frilled lizard (D:3)
  A jackal skeleton (D:5)
  7 kobolds
  3 rats
101 creatures vanquished.

Notes
Turn   | Place    | Note
-------+----------+-------------------------------------------
     0 | D:1      | Fester123 the Troll Monk began the quest for the Orb.
     0 | D:1      | Reached XP level 1. HP: 22/22 MP: 0/0
    99 | D:1      | Reached XP level 2. HP: 23/29 MP: 1/1
   374 | D:2      | Reached XP level 3. HP: 12/36 MP: 2/2
   593 | D:3      | Noticed Fester123's ghost (amateur TrBe)
   612 | D:3      | Noticed a centaur
   613 | D:3      | Noticed a two-headed ogre
   664 | D:3      | Reached XP level 4. HP: 44/44 MP: 3/3
   711 | D:3      | Reached skill level 4 in Unarmed Combat
   804 | D:4      | Found Ryomuoci's Gadget Shop.
   861 | D:4      | Reached XP level 5. HP: 50/53 MP: 4/4
   874 | D:5      | Entered Level 5 of the Dungeon
   874 | D:5      | Noticed an ogre
   881 | D:5      | Killed an ogre
   881 | D:5      | Reached skill level 5 in Unarmed Combat
   889 | D:5      | Reached XP level 6. HP: 47/61 MP: 5/5
   946 | D:5      | Noticed a hippogriff
   964 | D:5      | Killed a hippogriff
   996 | D:5      | Reached skill level 6 in Unarmed Combat
   996 | D:5      | Reached XP level 7. HP: 33/67 MP: 6/6
  1453 | D:6      | Reached skill level 7 in Unarmed Combat
  1560 | D:6      | Reached skill level 1 in Maces & Flails
  1610 | D:7      | Found a staircase to the Ecumenical Temple.
  1643 | D:7      | Reached XP level 8. HP: 53/78 MP: 7/7
  1699 | D:7      | Found a glowing silver altar of Zin.
  1830 | D:8      | Noticed a hippogriff
  1841 | D:8      | Slain by a hippogriff

Vault maps used:
D:1:      saegor_arrival_simple_c, nrook_uturn, minmay_fountain_box, tso_altar
D:2:      serial_corexii_hall, corexii_hall_statues_t, corexii_hall_statues_i
D:3:      lightli_corner_chamber
D:4:      serial_shops, nicolae_shop_trees
D:5:      first_bread
D:6:      basic_altar
D:7:      overflow_temple_1_default, temple_doors_e, serial_shops, shop
D:8:      serial_shops, shop, basic_altar, david_nohive_1, uniq_psyche

Skill      XL: |  1  2  3  4  5  6  7 |
---------------+----------------------+-----
Dodging        | 3 4 |  4.5
Unarmed Combat | 4 5 6 7 |  7.6
Fighting       | 3 |  3.8
Maces & Flails | 1 |  1.4
Stealth        | |  1.4

Action                   |  1- 3 |  4- 6 |  7- 9 || total
-------------------------+-------+-------+-------++-------
Melee: Unarmed           |    95 |    57 |    76 ||   228
       Punch             |     1 |     1 |     7 ||     9
       Flail             |       |       |    61 ||    61
  Use: Scroll            |     3 |       |     3 ||     6
       Potion            |     1 |     3 |     1 ||     5
 Stab: Sleeping          |       |     2 |       ||     2
  Eat: Meat ration       |     1 |       |       ||     1
       Bread ration      |       |       |     2 ||     2
Armor: Robe              |    85 |    18 |    29 ||   132
Dodge: Dodged            |   155 |    29 |    74 ||   258
Block: Other             |       |       |     4 ||     4

Table legend:
 A = Spawn XP
 B = Non-spawn XP
 C = Spawn XP percentage of total XP
 D = Spawn monster count
 E = Non-spawn monster count
 F = Spawn count percentage of total count
 G = Total turns spent on level
                    A         B        C        D         E        F      G
               +---------+---------+-------+---------+---------+-------+---------
         Total |       0 |    1560 |   0.0 |       0 |     101 |   0.0 |  1841
               +---------+---------+-------+---------+---------+-------+---------
           D:1 |       0 |      19 |   0.0 |       0 |      12 |   0.0 |   282
           D:2 |       0 |      61 |   0.0 |       0 |      17 |   0.0 |   233
           D:3 |       0 |      62 |   0.0 |       0 |      14 |   0.0 |   224
           D:4 |       0 |      71 |   0.0 |       0 |       4 |   0.0 |   135
           D:5 |       0 |     821 |   0.0 |       0 |      32 |   0.0 |   462
           D:6 |       0 |     387 |   0.0 |       0 |      15 |   0.0 |   238
           D:7 |       0 |     139 |   0.0 |       0 |       7 |   0.0 |   256
               +---------+---------+-------+---------+---------+-------+---------
